 Dungeon Crawl Stone Soup version 0.20-a0-909-g1a4ba80 (webtiles) character file.

924 pichaelthompson the Cutter (level 7, -2/82 HPs)
             Began as a Demonspawn Berserker on Mar 22, 2017.
             Was a Priest of Trog.
             Slain by an orc warrior
             ... wielding a +1 hand axe of freezing
              (12 damage)
             ... on level 6 of the Dungeon.
             The game lasted 00:19:14 (4079 turns).

pichaelthompson the Cutter (Demonspawn Berserker)   Turns: 4079, Time: 00:19:15

Health: -2/82      AC: 18    Str: 25    XL:     7   Next: 84%
Magic:  0/7        EV:  7    Int:  8    God:    Trog [***...]
Gold:   111        SH:  3    Dex: 14    Spells: 6/6 levels left

rFire    . . .     SeeInvis .   y - +2 dagger (vamp)
rCold    . . .     Gourm    .   h - +0 plate armour
rNeg     + . .     Faith    .   m - +0 buckler
rPois    .         Spirit   +   x - +0 helmet (curse)
rElec    .         Reflect  .   F - +1 cloak {MR+}
rCorr    .         Harm     .   (no gloves)
MR       +....                  e - +0 pair of boots
Stlth    ..........             o - amulet of guardian spirit
Regen    0.3/turn               t - +2 ring of strength
MPRegen  0.1/turn               i - ring of positive energy

@: berserking (expiring), very quick
A: molten scales 1, powered by pain 1
a: Berserk, Trog's Hand, Burn Spellbooks, Renounce Religion


You were on level 6 of the Dungeon.
You worshipped Trog.
Trog was most pleased with you.
You were not hungry.

You visited 1 branch of the dungeon, and saw 6 of its levels.

You collected 253 gold pieces.
You spent 142 gold pieces at shops.

Inventory:

Hand Weapons
 y - a +2 vampiric dagger (weapon)
Armour
 e - a +0 pair of boots (worn)
 h - a +0 plate armour (worn)
 m - a +0 buckler (worn)
 x - a cursed +0 helmet (worn)
 F - a +1 cloak of magic resistance (worn)
Jewellery
 i - a ring of positive energy (left hand)
 o - an amulet of guardian spirit (around neck)
 t - a +2 ring of strength (right hand)
Wands
 k - a wand of scattershot (4/9)
 q - a wand of acid (3/15)
Scrolls
 b - 2 scrolls of blinking {unknown}
 d - 4 scrolls of amnesia {unknown}
 f - 3 scrolls of teleportation {unknown}
 n - a scroll of immolation {unknown}
 p - a scroll of fear {unknown}
 s - 3 scrolls of enchant armour {unknown}
 v - a scroll of identify
 w - a scroll of recharging {unknown}
 C - a scroll of magic mapping {unknown}
Potions
 a - a potion of resistance
 g - 5 potions of curing
 j - 4 potions of flight
 l - 2 potions of agility
 z - 2 potions of heal wounds
 B - a potion of ambrosia
 D - a potion of lignification
 E - a potion of brilliance
Comestibles
 c - 4 bread rations
 r - 2 meat rations
 u - 8 fruits
 A - a royal jelly


   Skills:
 + Level 4.8 Fighting
 + Level 5.6 Short Blades
   Level 2.9 Polearms
 + Level 4.3 Armour
 + Level 2.3 Dodging
 + Level 0.1 Shields


You had 6 spell levels left.
You didn't know any spells.

Dungeon Overview and Level Annotations

Branches:
Dungeon (6/15)
 Temple: D:4-7

Altars:
Gozag
Vehumet

Shops:
D:4 }   D:5 [


Innate Abilities, Weirdness & Mutations

You are partially covered in molten scales. (AC +2)
You sometimes gain a little power by taking damage.


Message History

The orc warrior is moderately wounded.
The orc warrior barely misses you.
You closely miss the orc warrior.
The orc warrior is lightly wounded.
The orc closely misses you.
You hit the orc warrior but do no damage.
The orc warrior is lightly wounded.
The orc warrior hits you with a hand axe of freezing!
* * * LOW HITPOINT WARNING * * *
The orc warrior freezes you.
* * * LOW HITPOINT WARNING * * *
You hit the orc warrior but do no damage.
The orc warrior is lightly wounded.
You puncture the orc warrior!
The orc warrior is heavily wounded.
You block the orc's attack.
You puncture the orc warrior!
You feel better.
The orc warrior is almost dead.
The orc warrior hits you with a hand axe of freezing!
You die...

.........#####
#.................#
#.................#
#.>...............##
...................#
..................##
..................#
..................#
......o@..........#
......o..........##
#..............###
##############.# #.#
#.# #.# #.# #.##


You could see an orc warrior and an orc.

Vanquished Creatures
  Grinder (D:3)
  2 centaurs (D:5)
  2 bullfrogs
  A howler monkey (D:4)
  A crimson imp (D:5)
  An orc priest (D:6)
  A hound (D:4)
  Ijyb (D:3)
  Natasha (twice) (D:2)
  2 orc wizards (D:4)
  2 worker ants
  Robin (D:3)
  3 adders
  An ooze (D:3)
  A worm (D:2)
  2 dart slugs (D:2)
  4 leopard geckos
  9 orcs
  A ball python (D:1)
  5 bats
  8 giant cockroaches
  12 goblins
  6 hobgoblins
  6 kobolds
  4 quokkas
  4 frilled lizards
  9 rats
92 creatures vanquished.

Notes
Turn   | Place    | Note
-------+----------+-------------------------------------------
     0 | D:1      | pichaelthompson the Demonspawn Berserker began the quest for the Orb.
     0 | D:1      | Reached XP level 1. HP: 18/18 MP: 1/1
   420 | D:1      | Gained mutation: You sometimes gain a little power by taking damage. [demonic ancestry]
   420 | D:1      | Reached XP level 2. HP: 24/24 MP: 2/2
  1331 | D:2      | Reached XP level 3. HP: 29/29 MP: 3/3
  1421 | D:2      | Noticed Natasha
  1433 | D:2      | Killed Natasha
  1595 | D:2      | Found an opulent altar of Gozag.
  1630 | D:2      | Noticed Natasha
  1643 | D:2      | Killed Natasha
  1643 | D:2      | Reached ** piety under Trog
  1643 | D:2      | Reached skill level 1 in Short Blades
  1643 | D:2      | Reached XP level 4. HP: 37/37 MP: 4/4
  2035 | D:3      | Noticed Ijyb
  2037 | D:3      | Noticed Grinder
  2045 | D:3      | Killed Ijyb
  2045 | D:3      | Reached skill level 2 in Short Blades
  2045 | D:3      | Reached XP level 5. HP: 42/42 MP: 5/5
  2072 | D:3      | Paralysed by Grinder for 3 turns
  2178 | D:3      | Killed Grinder
  2178 | D:3      | Reached skill level 3 in Short Blades
  2178 | D:3      | Gained mutation: You are partially covered in molten scales. (AC +2) [demonic ancestry]
  2178 | D:3      | Reached XP level 6. HP: 48/48 MP: 4/6
  2306 | D:3      | Noticed Robin
  2322 | D:3      | Killed Robin
  2813 | D:4      | Reached skill level 4 in Short Blades
  2905 | D:4      | Reached XP level 7. HP: 54/55 MP: 5/7
  2927 | D:4      | Reached *** piety under Trog
  3329 | D:4      | Found Focsi's Gadget Shop.
  3505 | D:5      | Entered Level 5 of the Dungeon
  3684 | D:5      | Found Maucef's Antique Armour Shop.
  3710 | D:5      | Reached skill level 5 in Short Blades
  3766 | D:5      | Bought an embroidered cloak for 142 gold pieces
  4002 | D:6      | Found a radiant altar of Vehumet.
  4076 | D:6      | HP: 3/82 [orc warrior/hand axe of freezing (4)]
  4079 | D:6      | Slain by an orc warrior

Vault maps used:
D:1:      kennysheep_arrival_seaside, minmay_misc_feat_five
D:2:      first_bread, grunt_gozag_breadcrumbs, uniq_natasha
D:3:      minmay_misc_feat_x, solitary_fountain, uniq_robin, uniq_grinder,
          uniq_iyjb
D:4:      serial_shops, nicolae_shop_temple_entry_statues_fountains
D:5:      serial_shops, shop
D:6:      basic_altar, vehumet_altar_wand_db

Skill      XL: |  1  2  3  4  5  6  7 |
---------------+----------------------+-----
Armour         | 2 3 4 |  4.3
Dodging        | 2 |  2.3
Short Blades   | 1 2 3 4 5 |  5.6
Fighting       | 4 |  4.8
Polearms       | |  2.9
Shields        | |  0.1

Action                   |  1- 3 |  4- 6 |  7- 9 || total
-------------------------+-------+-------+-------++-------
Melee: Spear             |    30 |       |       ||    30
       Short sword       |    65 |   138 |    32 ||   235
       Dagger            |       |       |    98 ||    98
Invok: Berserk           |     2 |     3 |     2 ||     7
  Use: Scroll            |       |     3 |     4 ||     7
  Eat: Chunk             |     3 |     8 |     3 ||    14
       Meat ration       |       |       |     1 ||     1
       Royal jelly       |       |       |     1 ||     1
Armor: Plate armour      |    61 |    57 |    72 ||   190
       Chain mail        |     2 |       |       ||     2
Dodge: Dodged            |    27 |    32 |    47 ||   106
Block: Buckler           |       |       |    11 ||    11
